 Dungeon Crawl Stone Soup version 0.29.1-1-gd02db6906a (webtiles) character file.

Game seed: 8753036375490769501

14738 hawla the Destroyer (level 11, -6/121 HPs)
             Began as a Black Draconian Conjurer on Sept 15, 2022.
             Was a Believer of Vehumet.
             Mangled by a death yak (7 damage)
             ... on level 1 of the Lair of Beasts.
             The game lasted 00:50:12 (16598 turns).

hawla the Destroyer (Black Draconian Conjurer)     Turns: 16598, Time: 00:50:12

Health: -6/121     AC: 25    Str: 10    XL:     11   Next: 92%
Magic:  5/18       EV:  2    Int: 26    God:    Vehumet [**....]
Gold:   1500       SH:  9    Dex:  8    Spells: 2/20 levels left

rFire   . . .      SeeInvis .   g - +3 dagger (venom)
rCold   . . .      Faith    .   v - +0 buckler
rNeg    . . .      Spirit   .   (body armour unavailable)
rPois   +          Reflect  +   (helmet currently unavailable)
rElec   .          Harm     .   (cloak currently unavailable)
rCorr   .          Rampage  .   (gloves currently unavailable)
Will    .....      NoTele   +   (boots currently unavailable)
Stlth   ++........              E - amulet of reflection
HPRegen 0.30/turn               d - +4 ring of evasion
MPRegen 0.16/turn               P - ring of poison resistance

@: lethally poisoned (-6 -> -14), tree-form (expiring), invisible
A: stationary, stasis, torment immunity, boosted hp, (breathe lightning), AC +7,
unfitting armour, (electricity resistance), (cold-blooded), (stinger 1), clever
1
a: Renounce Religion


You were on level 1 of the Lair of Beasts.
You worshipped Vehumet.
Vehumet was pleased with you.
You were a tree.
You visited 3 branches of the dungeon, and saw 13 of its levels.
You also visited: Sewer and Ossuary.

You collected 1530 gold pieces.
You spent 30 gold pieces at shops.

Inventory:

Hand Weapons
 g - a +3 dagger of venom (weapon)
 D - a +1 vampiric dagger
Missiles
 i - 27 poisoned darts (quivered)
 u - 6 boomerangs
 y - a curare-tipped dart
 M - 4 javelins
Armour
 h - a +1 cloak (melded)
 v - a +0 buckler (worn)
 w - a +0 pair of boots (melded)
 x - a +0 pair of gloves (melded)
Magical Staves
 Q - a staff of conjuration
Jewellery
 d - a +4 ring of evasion (left branch)
 f - a ring of see invisible
 C - an amulet of the acrobat
 E - an amulet of reflection (around neck)
 O - a ring of fire
 P - a ring of poison resistance (right branch)
Wands
 e - a wand of digging (10)
 n - a wand of quicksilver (7)
 q - a wand of paralysis (12)
 G - a wand of polymorph (12)
 J - a wand of flame (19)
 K - a wand of iceblast (6)
Scrolls
 a - 2 scrolls of poison
 j - 4 scrolls of fog
 l - a scroll of magic mapping
 o - a scroll of enchant armour
 r - a scroll of fear
 s - 5 scrolls of teleportation
 z - 2 scrolls of identify
 A - 2 scrolls of enchant weapon
 I - a scroll of blinking
 L - a scroll of amnesia
Potions
 b - 5 potions of lignification
 c - a potion of curing
 k - 2 potions of brilliance
 t - 4 potions of haste
 F - 5 potions of flight
 H - a potion of might
 N - a potion of cancellation
Miscellaneous
 R - a tin of tremorstones (1/2)


   Skills:
 - Level 2.9 Fighting
 - Level 4.0 Short Blades
 - Level 1.1 Throwing
 - Level 5.4 Dodging
 - Level 2.4 Stealth
 - Level 4.0 Shields
 - Level 5.0 Spellcasting
 * Level 10.9 Conjurations
 - Level 7.3 Translocations
 - Level 4.9 Transmutations
 - Level 4.8 Fire Magic
 * Level 3.8 Ice Magic
 * Level 5.5 Air Magic
 - Level 4.9 Poison Magic


You had 2 spell levels left.
You knew the following spells:

 Your Spells              Type           Power      Damage    Failure   Level
a - Magic Dart            Conj           100%       1d8       1%          1
b - Searing Ray           Conj           100%       2d8       1%          2
c - Iskenderun's Mystic   Conj/Tloc      52%        2d11      2%          4
d - Mephitic Cloud        Conj/Pois/Air  43%        N/A       1%          3
e - Ignite Poison         Fire/Tmut/Pois 32%        N/A       3%          3
f - Freezing Cloud        Conj/Ice/Air   20%        6-21      17%         5

Your spell library contained the following spells:

 Spells                   Type           Power      Damage    Failure   Level
 Freeze                   Ice            100%       1d11      1%          1
 Apportation              Tloc           88%        N/A       1%          1
 Poisonous Vapours        Pois/Air       66%        N/A       1%          2
 Scorch                   Fire           62%        2d8       1%          2
 Wereblood                Tmut           32%        N/A       1%          2
 Sublimation of Blood     Necr           6%         N/A       14%         2
 Gell's Gravitas          Tloc           44%        N/A       1%          3
 Lesser Beckoning         Tloc           44%        N/A       1%          3
 Teleport Other           Tloc           44%        N/A       1%          3
 Dazzling Flash           Conj/Hex       68%        N/A       3%          3
 Flame Wave               Conj/Fire      47%        2d12      3%          4
 Fulminant Prism          Conj/Hex       17%        3d11      11%         4
 Corpse Rot               Necr/Pois/Air  24%        N/A       22%         4
 Petrify                  Tmut/Erth      19%        N/A       34%         4
 Alistair's Intoxication  Tmut/Pois      21%        N/A       34%         5
 Metabolic Englaciation   Hex/Ice        8%         N/A       77%         5
 Statue Form              Tmut/Erth      12%        N/A       99%         6
 Summon Cactus Giant      Summ           3%         N/A       100%        6
 Summon Hydra             Summ           3%         N/A       100%        7


Dungeon Overview and Level Annotations

Branches:
Dungeon (11/15)            Temple (1/1) D:4            Lair (1/5) D:9
    Orc (0/2) D:10          Sewer (visited)         Ossuary (visited)

Altars:
Ashenzari
Cheibriados
Dithmenos
Elyvilon
Fedhas
Gozag
Hepliaklqana
Kikubaaqudgha
Makhleb
Nemelex Xobeh
Okawaru
Qazlal
Ru
Sif Muna
Trog
Uskayaw
Vehumet
Wu Jian
Xom
Yredelemnul
Zin
The Shining One

Shops:
D:2 !   D:5 *

Annotations:
D:8 4 transporters
D:9 2 transporters, TheSexyCheese's ghost, novice MiBe
D:10 4 runed translucent doors
Lair:1 Fannar


Innate Abilities, Weirdness & Mutations

You are a tree.
Your roots penetrate the ground, keeping you stationary.
You cannot be teleported.
You are immune to unholy pain and torment.
Your maximum health is greatly increased.
Your equipment is partially melded.
((You can breathe wild blasts of lightning.))
((Your glossy black scales are hard. (AC +7)))
You cannot fit into any form of body armour.
((You are resistant to electric shocks. (rElec)))
((You are cold-blooded and may be slowed by cold attacks.))
((Your tail ends in a venomous barb.))
Your mind is acute. (Int +4, Str/Dex -1)


Message History

The water moccasin poisons you! The death yak gores you.
* * * LOW HITPOINT WARNING * * *
Casting: Searing Ray (safe; 1% risk of failure)
Confirm with . or Enter, or press ? or * to list all spells.
You erupt in a blast of force!
The mystic blast hits the death yak!
The death yak is severely wounded.
The death yak is knocked back by the mystic blast.
The mystic blast hits the water moccasin!
The water moccasin is almost dead.
* * * LOW HITPOINT WARNING * * *
You feel very sick. The water moccasin barely misses you.
The water moccasin bites you but does no damage.
Casting: Iskenderun's Mystic Blast (mildly dangerous; 2% risk of failure)
Confirm with . or Enter, or press ? or * to list all spells.
You erupt in a blast of force!
The mystic blast hits the water moccasin!
You kill the water moccasin!
Vehumet accepts your kill.
* * * LOW HITPOINT WARNING * * *
You feel very sick.
Casting: Iskenderun's Mystic Blast (mildly dangerous; 2% risk of failure)
Confirm with . or Enter, or press ? or * to list all spells.
Aiming: Searing Ray (safe; 1% risk of failure)
Press: ? - help, Shift-Dir - straight line, f/p - death yak
Aim: a death yak (severely wounded, unable to see you, very poisoned, 94% to hit)
The searing ray hits the death yak!
The death yak is severely wounded. (Press . to maintain the ray.)
* * * LOW HITPOINT WARNING * * *
You feel very sick.
Casting: Searing Ray (safe; 1% risk of failure)
Confirm with . or Enter, or press ? or * to list all spells.
You erupt in a blast of force!
The mystic blast hits the death yak but does no damage.
The death yak is severely wounded.
* * * LOW HITPOINT WARNING * * *
You feel very sick. The death yak gores you!
You die...

.......#.........................
P............................(..
P..[........................(...
..#........................(...#
..#.###...##...............P..##
.##.>###..# #P...........†.....#
#.#..P #..# #..............##.
.....###..##.##.Y............##
#....##.....##..♣...............
####...........................#
##...........###............#
#............ #.........#..#
####.####...#... #..#.#..####..
.##..## #.##... #..##..## ..
......# ..##... ...# ..# #......#
#....# ....# ... #..#.#....###
.... ..#


You could see a death yak (unable to see you, very poisoned).

Vanquished Creatures
  A hydra (Lair:1)
  Erolcha (D:10)
  3 death yaks (Lair:1)
  2 two-headed ogres
  Pikel (D:8)
  Maurice (D:10)
  A black mamba (Lair:1)
  2 kobold demonologists (D:10)
  A cane toad (Lair:1)
  2 trolls
  A hornet (D:9)
  Prince Ribbit (D:5)
  A wraith (D:9)
  10 yaks
  3 wyverns
  Grum (D:10)
  Menkaure (D:4)
  2 steam dragons
  4 water moccasins
  5 orc warriors
  An ice beast (D:5)
  2 black bears
  2 ogres
  12 wolves
  2 lemures (D:8)
  5 centaurs
  5 kobold brigands
  A necrophage (D:6)
  4 bullfrogs
  2 scorpions
  13 killer bees
  5 electric eels
  A howler monkey (D:8)
  4 lava snakes (Lair:1)
  3 hounds
  5 orc priests
  3 jellies
  An iguana (D:5)
  Ijyb (D:5)
  6 orc wizards
  Robin (D:3)
  9 mummies
  7 gnolls
  7 adders
  A river rat (D:6)
  A white imp (D:5)
  3 worms (D:3)
  5 dart slugs
  44 orcs
  6 endoplasms
  7 giant cockroaches
  3 gnoll zombies (Ossuary)
  11 goblins
  8 hobgoblins
  9 quokkas
  13 ball pythons
  5 bats
  8 frilled lizards
  2 hobgoblin zombies (Ossuary)
  32 kobolds
  3 kobold zombies (Ossuary)
  8 rats
315 creatures vanquished.

Vanquished Creatures (others)
  An angel (D:4)
  5 fungi (Lair:1)
  7 plants
13 creatures vanquished.

Grand Total: 328 creatures vanquished

Notes
Turn   | Place    | Note
-------+----------+-------------------------------------------
     0 | D:1      | hawla the Draconian Conjurer began the quest for the Orb.
     0 | D:1      | Reached XP level 1. HP: 14/14 MP: 3/3
   358 | D:1      | Reached XP level 2. HP: 19/20 MP: 0/5
   540 | D:1      | Found a faded altar of an unknown god.
   778 | D:1      | Learned a level 2 spell: Searing Ray
  1220 | D:1      | Reached XP level 3. HP: 26/26 MP: 4/6
  2325 | D:2      | Found Jateufua's Distillery.
  2336 | D:2      | Bought a potion of lignification for 30 gold pieces
  2546 | D:3      | Noticed Robin
  2566 | D:3      | Killed Robin
  2567 | D:3      | Reached XP level 4. HP: 18/34 MP: 3/8
  2787 | D:3      | You fall into a shaft and drop 2 floors!
  2787 | D:5      | Entered Level 5 of the Dungeon
  2798 | D:5      | Reached skill level 1 in Short Blades
  2808 | D:4      | Reached skill level 1 in Fighting
  2808 | D:4      | Reached XP level 5. HP: 38/40 MP: 1/9
  3010 | D:4      | Found a shimmering altar of Xom.
  3010 | D:4      | Found a glowing silver altar of Zin.
  3010 | D:4      | Noticed an angel
  3039 | D:4      | Killed an angel
  3086 | D:3      | Learned a level 4 spell: Iskenderun's Mystic Blast
  3414 | D:3      | Reached skill level 5 in Conjurations
  3571 | D:3      | Reached skill level 1 in Translocations
  3952 | D:3      | Found an ornate altar of the Wu Jian Council.
  4197 | D:4      | Noticed Menkaure
  4205 | D:4      | Killed Menkaure
  4206 | D:4      | Reached XP level 6. HP: 34/47 MP: 2/10
  4296 | D:4      | Found a staircase to the Ecumenical Temple.
  4703 | D:4      | Found a white marble altar of Elyvilon.
  4797 | D:4      | Found a basalt altar of Yredelemnul.
  5155 | D:5      | Reached skill level 6 in Conjurations
  5245 | D:5      | Your scales start taking on a glossy black colour.
  5245 | D:5      | Reached XP level 7. HP: 48/52 MP: 11/11
  5245 | D:5      | Gained mutation: You are resistant to electric shocks.
                  | (rElec) [Black Draconian growth]
  5396 | D:5      | Noticed Ijyb
  5407 | D:5      | Killed Ijyb
  5489 | D:5      | Found Tuddolao's Serpentskin Sales.
  5734 | D:5      | Noticed Prince Ribbit
  5746 | D:5      | Killed Prince Ribbit
  5747 | D:5      | Reached skill level 7 in Conjurations
  5747 | D:5      | Reached skill level 5 in Translocations
  5747 | D:5      | Reached XP level 8. HP: 59/59 MP: 12/12
  5943 | D:6      | Found a glowing drain.
  5959 | Sewer    | Entered a sewer
  6128 | Sewer    | Identified the +0 robe "Syinor" {rF+++ Dex+5 Stlth-}
  6446 | D:6      | Reached skill level 8 in Conjurations
  6824 | Temple   | Entered the Ecumenical Temple
  7375 | D:6      | Found a radiant altar of Vehumet.
  7763 | D:7      | Reached XP level 9. HP: 67/67 MP: 4/14
  8448 | D:8      | Noticed Pikel
  8488 | D:8      | Found a sand-covered staircase.
  8504 | D:8      | Learned a level 3 spell: Mephitic Cloud
  8508 | D:8      | Learned a level 3 spell: Ignite Poison
  8514 | Ossuary  | Entered an ossuary
  9290 | D:8      | Found a transporter.
  9323 | D:8      | Noticed a troll
  9342 | D:8      | Killed a troll
  9343 | D:8      | Reached skill level 9 in Conjurations
  9343 | D:8      | Reached skill level 1 in Transmutations
  9343 | D:8      | Reached skill level 1 in Fire Magic
  9343 | D:8      | Reached skill level 1 in Air Magic
  9343 | D:8      | Reached skill level 1 in Poison Magic
  9385 | D:8      | Killed Pikel
  9617 | D:8      | Noticed a two-headed ogre
  9830 | D:8      | Killed a two-headed ogre
  9882 | D:8      | Reached XP level 10. HP: 57/73 MP: 10/15
 10181 | D:8      | Found a transporter.
 10204 | D:8      | Found a transporter.
 10287 | D:8      | Found a transporter.
 10362 | D:9      | Gained mutation: You do not regenerate when monsters are
                  | visible. [potion of mutation]
 10362 | D:9      | Gained mutation: You are dopey. (Int -2) [potion of
                  | mutation]
 10362 | D:9      | Gained mutation: You are agile. (Dex +4, Str/Int -1)
                  | [potion of mutation]
 10363 | D:9      | Lost mutation: You are agile. (Dex +4, Str/Int -1) [potion
                  | of mutation]
 10363 | D:9      | Lost mutation: You do not regenerate when monsters are
                  | visible. [potion of mutation]
 10363 | D:9      | Lost mutation: You are dopey. (Int -2) [potion of mutation]
 10363 | D:9      | Gained mutation: Your body sometimes deteriorates upon
                  | taking damage. [potion of mutation]
 10363 | D:9      | Gained mutation: Your mind is acute. (Int +4, Str/Dex -1)
                  | [potion of mutation]
 10363 | D:9      | Gained mutation: Your tail ends in a venomous barb. [potion
                  | of mutation]
 10364 | D:9      | Lost mutation: Your mind is acute. (Int +4, Str/Dex -1)
                  | [potion of mutation]
 10364 | D:9      | Lost mutation: Your body sometimes deteriorates upon taking
                  | damage. [potion of mutation]
 10364 | D:9      | Gained mutation: Your mind is acute. (Int +4, Str/Dex -1)
                  | [potion of mutation]
 10415 | D:9      | HP: 3/73 [electric eel/bolt of electricity (4)]
 10736 | D:9      | Found a blossoming altar of Fedhas.
 10742 | D:9      | Found a burning altar of Makhleb.
 10743 | D:9      | Found a hide-covered altar of Uskayaw.
 10767 | D:9      | Noticed TheSexyCheese's ghost (novice MiBe)
 10767 | D:9      | Identified the +7 dire flail of Cruel Justice {vorpal,
                  | Will- Str+4 Int-4 Dex+2}
 10767 | D:9      | Noticed a two-headed ogre
 10768 | D:9      | Found a transporter.
 10768 | D:9      | Noticed a two-headed ogre
 10769 | D:9      | Noticed a two-headed ogre
 10927 | D:6      | Became a worshipper of Vehumet
 11033 | D:9      | Found a transporter.
 11041 | D:9      | Noticed a two-headed ogre
 11161 | D:9      | Found a staircase to the Lair.
 11561 | D:9      | Reached skill level 1 in Throwing
 11561 | D:9      | Reached skill level 1 in Shields
 12278 | D:9      | Found an iron altar of Okawaru.
 12992 | D:10     | Entered Level 10 of the Dungeon
 12999 | D:10     | Identified a scroll of acquirement
 13003 | D:10     | Acquired 616 gold pieces
 13233 | D:10     | Noticed a soul eater
 13347 | D:10     | Found a staircase to the Orcish Mines.
 13360 | D:10     | Reached * piety under Vehumet
 13360 | D:10     | Offered knowledge of Sandblast by Vehumet.
 13361 | D:10     | Reached XP level 11. HP: 81/81 MP: 2/17
 13466 | D:10     | Found a runed translucent door.
 13483 | D:10     | Found a runed translucent door.
 13487 | D:10     | Noticed Erolcha
 13495 | D:10     | Killed Erolcha
 13496 | D:10     | Reached skill level 5 in Dodging
 13601 | D:10     | Found a runed translucent door.
 13696 | D:10     | Noticed Grum
 13724 | D:10     | Killed Grum
 14244 | D:10     | Noticed Maurice
 14318 | D:10     | Killed Maurice
 14687 | D:10     | Found a runed translucent door.
 14835 | D:11     | Noticed a two-headed ogre
 14905 | D:10     | Killed a two-headed ogre
 14905 | D:10     | Offered knowledge of Freeze by Vehumet.
 14906 | D:10     | Reached skill level 5 in Spellcasting
 14912 | D:10     | Learned a level 5 spell: Freezing Cloud
 15204 | Lair:1   | Entered Level 1 of the Lair of Beasts
 15212 | Lair:1   | Reached ** piety under Vehumet
 15345 | Lair:1   | Reached skill level 1 in Ice Magic
 15470 | Lair:1   | Noticed a five-headed hydra
 15479 | Lair:1   | Killed a five-headed hydra
 15732 | Lair:1   | Reached skill level 10 in Conjurations
 15819 | Lair:1   | Noticed a death yak
 15821 | Lair:1   | Noticed a death yak
 15900 | Lair:1   | Killed a death yak
 16396 | Lair:1   | Noticed Fannar
 16461 | Lair:1   | Reached skill level 5 in Air Magic
 16532 | Lair:1   | Noticed a death yak
 16539 | Lair:1   | Noticed a death yak
 16545 | Lair:1   | Killed a death yak
 16568 | Lair:1   | HP: 4/121 [death yak (14)]
 16584 | Lair:1   | Killed a death yak
 16596 | Lair:1   | HP: 6/121 [poisoned by a water moccasin]
 16598 | Lair:1   | HP: 1/121 [poisoned by a water moccasin]
 16598 | Lair:1   | Mangled by a death yak

Illustrated notes

Levels and vault maps discovered:
D:1:      ebering_trefoil_3fold, layout_loops_cross, serial_bayou,
          serial_bayou_pond_a, serial_bayou_lagoon_b, serial_bayou_ford_a,
          serial_bayou_pond_b, serial_bayou_pond_c, serial_bayou_shore_a,
          shapermc_ecumenical_altar_totnotflames, kennysheep_another_room
D:2:      layout_basic, serial_shops, shop
D:3:      layout_basic, nzn_wu_jian_council_hall,
          nicolae_concentric_dashed_squares_wild, nrook_mini_backslash,
          uniq_robin
D:4:      layout_cave_pools, grunt_temple_overflow_order_and_chaos_1,
          kennysheep_ying_yang, minmay_temple_entry_from_below_a,
          minmay_quadrilaterals, uniq_menkaure
D:5:      layout_basic, guppyfry_shop_venom, uniq_prince_ribbit1, uniq_ijyb
D:6:      layout_loops_ring, lemuel_coloured_pillars_altar, portal_sewer_entry_b
D:7:      layout_rooms
D:8:      minmay_inner_zag, layout_cave_pools, gup_ossuary_entry_pyramid,
          nicolae_transporter_intersection, uniq_pikel
D:9:      layout_grid_maze, mainiacjoe_overflow_catwalk,
          chequers_temple_overflow_statue_of_worship, erik_lair_island,
          gammafunk_ghost_smash, minivault_24
D:10:     layout_cave_pods, david_orc_2, serial_park_tiny_2,
          minmay_statue_crystal_thing, uniq_grum, uniq_erolcha, uniq_maurice
D:11:     layout_rooms, enter_trove_5
Temple:   nicolae_temple_hex_pool
Lair:1:   layout_layer_cave, nicolae_lair_liquid_snakes, uniq_fannar

Skill      XL: |  1  2  3  4  5  6  7  8  9 10 11 |
---------------+----------------------------------+-----
Stealth        | 2 |  2.4
Dodging        | 2 3 4 5 |  5.4
Short Blades   | 1 2 3 4 |  4.0
Fighting       | 1 2 |  2.9
Spellcasting   | 3 4 5 |  5.0
Conjurations   | 5 6 7 8 9 10 | 10.9
Translocations | 2 3 5 6 7 |  7.3
Transmutations | 3 4 |  4.9
Fire Magic     | 3 4 |  4.8
Air Magic      | 1 2 5 |  5.5
Poison Magic   | 3 4 |  4.9
Throwing       | 1 |  1.1
Shields        | 2 4 |  4.0
Ice Magic      | 3 |  3.8

Action                   |  1- 3 |  4- 6 |  7- 9 | 10-12 || total
-------------------------+-------+-------+-------+-------++-------
Melee: Unarmed           |    19 |       |       |       ||    19
       Tailslap          |     6 |    12 |    25 |    33 ||    76
       Dagger            |    36 |   119 |   223 |   311 ||   689
       Punch             |       |     1 |       |       ||     1
Throw: Dart              |       |     2 |     4 |    12 ||    18
 Cast: Magic Dart        |    65 |     4 |    32 |    22 ||   123
       Searing Ray       |     9 |     8 |    28 |    18 ||    63
       Iskenderun's Myst |       |     6 |    23 |    63 ||    92
       Mephitic Cloud    |       |       |     2 |    12 ||    14
       Ignite Poison     |       |       |     2 |     8 ||    10
       Freezing Cloud    |       |       |       |     6 ||     6
Evoke: Wand              |       |       |     1 |     2 ||     3
       Tin of tremorston |       |       |       |     1 ||     1
  Use: Scroll            |     8 |     8 |     4 |    13 ||    33
       Potion            |     2 |       |     1 |    16 ||    19
 Stab: Sleeping          |       |     5 |     3 |       ||     8
       Confused          |       |       |       |     3 ||     3
       Invisible         |       |       |       |     2 ||     2
       Paralysed         |       |       |       |     2 ||     2
Armor: Skin              |    44 |    35 |    71 |   160 ||   310
Dodge: Dodged            |    63 |    79 |   226 |   257 ||   625
Block: Buckler           |       |       |    36 |   182 ||   218
       Reflection        |       |       |       |    11 ||    11
